 Dungeon Crawl Stone Soup version 0.18.1-48-g4cf74bf (webtiles) character file.

293 Gargoyl the Skirmisher (level 6, -1/44 HPs)
             Began as a Demonspawn Abyssal Knight on Aug 15, 2016.
             Was a Believer of Lugonu.
             Slain by a goblin
             ... wielding a +0 dagger
             ... led by Robin
              (5 damage)
             ... on level 4 of the Dungeon.
             The game lasted 00:04:59 (2638 turns).

Gargoyl the Skirmisher (Demonspawn Abyssal Knight)  Turns: 2638, Time: 00:05:00

Health: -1/44      AC:  7    Str: 17 (18) XL:     6   Next: 11%
Magic:  7/7        EV:  4    Int: 14 (15) God:    Lugonu [**....]
Gold:   201        SH:  8    Dex: 13      Spells: 0 memorised, 5 levels left

rFire  . . .     SeeInvis .     f - +6 whip of Impatience {elec, rElec Str+4 Int+2 Stlth-}
rCold  . . .     Gourm    .     p - +0 chain mail
rNeg   . . .     Faith    .     q - +0 shield
rPois  .         Spirit   .     (no helmet)
rElec  +         Dismiss  .     (no cloak)
rCorr  .         Reflect  .     (no gloves)
SustAt +         Harm     .     (no boots)
MR     +....                    (no amulet)
Stlth  ..........               (no ring)
                                e - ring of sustain attributes

@: lethally poisoned (-1 -> -7), somewhat resistant to hostile enchantments,
extremely unstealthy
A: slimy green scales 1, blurry vision 2, deformed body, demonic guardian 1,
deterioration 1, frail 1, foul stench 2, magic resistance 1, evolution 1, rot
immunity
a: Depart the Abyss, Bend Space, Renounce Religion


You were on level 4 of the Dungeon.
You worshipped Lugonu.
Lugonu was pleased with you.
You were hungry.

You visited 1 branch of the dungeon, and saw 4 of its levels.
You visited the Abyss 1 time.

You collected 201 gold pieces.

Inventory:

Hand Weapons
 a - a +1 hand axe
 f - the +6 whip of Impatience (weapon) {elec, rElec Str+4 Int+2 Stlth-}
   (You found it on level 2 of the Abyss)

   Occasionally, upon striking a foe, it will discharge some electrical energy
   and cause terrible harm.
   It affects your strength (+4).
   It affects your intelligence (+2).
   It insulates you from electricity.
   It makes you less stealthy.
Armour
 p - a +0 chain mail (worn)
 q - a +0 shield (worn)
Jewellery
 b - a cursed -2 ring of dexterity {unknown}
 e - a ring of sustain attributes (left hand)
 u - an uncursed ring of protection from magic {unknown}
Wands
 d - a wand of flame (33/48)
Scrolls
 g - 5 scrolls of identify {unknown}
 h - 2 scrolls of remove curse {unknown}
 j - 2 scrolls of magic mapping {unknown}
 r - 4 scrolls of immolation {unknown}
 s - a scroll of random uselessness {unknown}
 v - a scroll of fear {unknown}
 w - a scroll of noise {unknown}
 y - 2 scrolls of enchant weapon {unknown}
 B - a scroll of recharging {unknown}
Comestibles
 c - 4 bread rations
 o - a meat ration
 x - 3 fruits
 z - a beef jerky


   Skills:
 + Level 4.5 Fighting
 + Level 2.1(2.3) Axes
 + Level 1.0(1.7) Maces & Flails
 * Level 4.1 Armour
 + Level 1.5 Dodging
 + Level 1.0 Shields
 + Level 2.5 Invocations


You had 5 spell levels left.
You didn't know any spells.

Dungeon Overview and Level Annotations

Branches:
Dungeon (4/15)
 Temple: D:4-7

Altars:

Annotations:
D:4 Robin


Innate Abilities, Weirdness & Mutations

You are partially covered in slimy green scales (AC +2).
A weak demonic guardian rushes to your aid.
You frequently emit foul miasma when damaged in melee.
You are immune to rotting.
Scrolls take you longer to read.
Armour fits poorly on your strangely shaped body.
Your body sometimes deteriorates upon taking damage.
You are frail (-10% HP).
You are resistant to hostile enchantments.
You evolve.


Message History

Unknown command.
You completely miss Robin.
Robin is heavily wounded.
* * * LOW HITPOINT WARNING * * *
You feel sick.
The goblin no longer looks unusually strong.
You block the goblin's attack.
The goblin hits you but does no damage. x2
Robin roars a battlecry!
The goblins go into a battle-frenzy!
Robin hits you but does no damage.
Robin looks sick.
You block the goblin's attack.
Your chain mail prevents you from hitting Robin.
Robin is heavily wounded.
* * * LOW HITPOINT WARNING * * *
You feel sick.
The hobgoblin no longer looks unusually strong.
The goblin hits you.
* * * LOW HITPOINT WARNING * * *
The goblin hits you with a dagger.
You die...

..(. ...# ...#
.#.. ... #g# #+#
####g### #.#
#..ggg.#######.#
#.##@#.......#.##
#g#..####....#####
#......##.........
###..#.##.....#
#..#........#
....####.#.###
####......#.#
########.# #.#


You could see Robin, a hobgoblin and 4 goblins.

Vanquished Creatures
  The ghost of Schimscham the Ducker, an amateur DsGl (D:3)
  An orc wizard (D:3)
  2 adders
  An ooze (D:2)
  A worm (D:2)
  3 giant geckos
  7 orcs (D:3)
  A giant cockroach (D:2)
  10 goblins
  5 hobgoblins
  4 jackals
  3 kobolds
  A quokka (D:3)
  A ball python (D:2)
  6 bats
  3 giant newts
  5 rats
55 creatures vanquished.

Vanquished Creatures (collateral kills)
  A howler monkey (D:4)
  An orc wizard (D:3)
  An orc (D:3)
3 creatures vanquished.

Grand Total: 58 creatures vanquished

Notes
Turn   | Place    | Note
--------------------------------------------------------------
     0 | Abyss:1  | Gargoyl the Demonspawn Abyssal Knight began the quest for the Orb.
     0 | Abyss:1  | Reached XP level 1. HP: 18/18 MP: 2/2
    36 | Abyss:2  | Got a brightly glowing whip
    44 | Abyss:2  | Identified the +6 whip of Impatience {elec, rElec Str+4 Int+2 Stlth-} (You found it on level 2 of the Abyss)
    64 | Abyss:3  | Noticed an apocalypse crab
    65 | D:1      | Escaped the Abyss
   694 | D:1      | Gained mutation: A weak demonic guardian rushes to your aid. [demonic ancestry]
   694 | D:1      | Reached XP level 2. HP: 22/24 MP: 3/3
   834 | D:2      | Reached * piety under Lugonu
  1016 | D:2      | Reached skill level 1 in Dodging
  1016 | D:2      | Gained mutation: You are immune to rotting. [demonic ancestry]
  1016 | D:2      | Reached XP level 3. HP: 24/30 MP: 4/4
  1849 | D:3      | Gained mutation: You are partially covered in slimy green scales (AC +2). [demonic ancestry]
  1849 | D:3      | Reached XP level 4. HP: 36/37 MP: 5/5
  1868 | D:3      | Noticed Schimscham's ghost (amateur DsGl)
  1883 | D:3      | Killed Schimscham's ghost
  1883 | D:3      | Gained mutation: You may emit foul miasma when damaged in melee. [demonic ancestry]
  1883 | D:3      | Reached XP level 5. HP: 34/43 MP: 6/6
  2094 | D:3      | Reached ** piety under Lugonu
  2145 | D:3      | Gained mutation: Armour fits poorly on your strangely shaped body. [potion of mutation]
  2145 | D:3      | Gained mutation: You are resistant to hostile enchantments. [potion of mutation]
  2145 | D:3      | Gained mutation: Scrolls take you a little longer to read. [potion of mutation]
  2151 | D:3      | Gained mutation: You are frail (-10% HP). [potion of mutation]
  2151 | D:3      | Gained mutation: You evolve. [potion of mutation]
  2151 | D:3      | Gained mutation: Scrolls take you longer to read. [potion of mutation]
  2260 | D:3      | Gained mutation: Your body sometimes deteriorates upon taking damage. [evolution]
  2582 | D:4      | Reached skill level 1 in Maces & Flails
  2582 | D:4      | Gained mutation: You frequently emit foul miasma when damaged in melee. [demonic ancestry]
  2582 | D:4      | Reached XP level 6. HP: 42/44 MP: 7/7
  2619 | D:4      | Noticed Robin
  2621 | D:4      | Reached skill level 1 in Shields
  2638 | D:4      | Slain by a goblin

Skill      XL: |  1  2  3  4  5  6 |
---------------+-------------------+-----
Armour         | 2 3 4 |  4.1
Axes           | 2 |  2.1
Dodging        | 1 |  1.5
Fighting       | 4 |  4.5
Maces & Flails | 1 |  1.0
Shields        | 1 |  1.0
Invocations    | |  2.5

Action                   |  1- 3 |  4- 6 || total
-------------------------+-------+-------++-------
Melee: Whip              |    80 |    76 ||   156
Invok: Depart the Abyss  |     1 |       ||     1
  Use: Potion            |       |     9 ||     9
  Eat: Chunk             |     3 |     3 ||     6
Armor: Chain mail        |    48 |    50 ||    98
Dodge: Dodged            |    26 |    17 ||    43
Block: Shield            |    16 |    27 ||    43
